 Seeded DCSS version 0.32-a0-826-g4cabd76 (webtiles) character file.

Game seed: 800197345211678527 (custom seed)

24035 AmazingTV the Grappler (level 12, -1/119 HPs)
             Began as a Troll Necromancer on Mar 24, 2024.
             Was a High Priest of Okawaru.
             Slain by a ten-headed hydra (12 damage)
             ... on level 2 of the Lair of Beasts on Mar 25, 2024.
             The game lasted 01:39:20 (13111 turns).

AmazingTV the Grappler (Troll Necromancer)         Turns: 13111, Time: 01:39:21

Health: -1/119     AC: 22    Str: 19    XL:     12   Next: 77%
Magic:  2/20       EV: 10    Int: 17    God:    Okawaru [*****.]
Gold:   931        SH:  0    Dex: 10    Spells: 10/23 levels left

rFire   . . .        I - +0 giant club {mace}
rCold   . . .        (shield currently unavailable)
rNeg    . . .        O - +3 troll leather armour {Snorg}
rPois   .            t - +3 crown of Dyrovepreva {rElec Int+2 SInv}
rElec   +            s - +2 cloak
rCorr   .            (gloves unavailable)
SInv    +            (boots unavailable)
Will    .....        (no amulet)
Stlth   +            p - +4 ring of protection
HPRegen 1.99/turn    r - +4 ring of protection
MPRegen 0.17/turn

%: no passive effects
@: about to teleport
A: large, unfitting armour, claws 3, regeneration 1, shaggy fur 1, tough skin 1
a: Renounce Religion, Heroism, Finesse, Duel


You were on level 2 of the Lair of Beasts.
You worshipped Okawaru.
Okawaru was extremely pleased with you.
You visited 3 branches of the dungeon, and saw 14 of its levels.
You also visited: Bailey.

You collected 931 gold pieces.


Innate Abilities, Weirdness & Mutations

You are too large for most types of armour.
You have claws for hands.
Your natural rate of healing is unusually fast.
You are covered in fur. (AC +1)
You have tough skin. (AC +1)


   Skills:
 + Level 7.7 Fighting
 + Level 2.6 Armour
 + Level 7.9 Dodging
 - Level 1.0 Stealth
 + Level 9.2 Unarmed Combat
 + Level 6.0 Spellcasting
 + Level 8.4 Necromancy
 + Level 3.8 Earth Magic
 + Level 3.7 Evocations


You had 10 spell levels left.
You knew the following spells:

 Your Spells              Type           Power      Damage    Failure   Level
a - Necrotise             Necr           100%       1d9       1%          1
b - Vampiric Draining     Necr           34%        2d8       1%          3
c - Animate Dead          Necr           34%        N/A       4%          4
d - Curse of Agony        Necr           34%        N/A       13%         5

Your spell library contained the following spells:

 Spells                   Type           Power      Damage    Failure   Level
 Magic Dart               Conj           20%        1d4       16%         1
 Blink                    Tloc           10%        N/A       22%         2
 Jinxbite                 Hex            10%        N/A       22%         2
 Dazzling Flash           Conj/Hex       10%        N/A       41%         3
 Inner Flame              Hex/Fire       5%         N/A       41%         3
 Flame Wave               Conj/Fire      5%         2d5       83%         4
 Sticky Flame             Fire/Alch      5%         2d4       83%         4
 Yara's Violent Unravell  Hex/Alch       2%         3d3       99%         5
 Starburst                Conj/Fire      2%         6d3       100%        6
 Enfeeble                 Hex            2%         N/A       100%        7
 Maxwell's Capacitive Co  Air            2%         ∞         100%        8
 Summon Small Mammal      Summ           Unusable   N/A       N/A         1
 Call Imp                 Summ           Unusable   N/A       N/A         2
 Call Canine Familiar     Summ           Unusable   N/A       N/A         3
 Summon Blazeheart Golem  Fire/Summ      Unusable   N/A       N/A         4

Inventory:

Hand Weapons
 d - a +0 dagger {short}
   (You took it off a kobold on level 2 of the Dungeon)
 u - a +2 whip of electrocution {mace}
   (You took it off Pikel on level 9 of the Dungeon)
 x - a +1 whip of venom {mace}
   (You took it off an orc on level 3 of the Dungeon)
 I - a +0 giant club (weapon) {mace}
   (You took it off an ogre on level 4 of the Dungeon)
Missiles
 a - a boomerang {throwing}
 i - 115 stones {throwing}
 D - 7 javelins {throwing}
 R - 20 poisoned darts {throwing}
 S - 4 large rocks {=fthrowing}
 W - a curare-tipped dart {=fthrowing}
Armour
 s - a +2 cloak (worn)
   (You found it on level 5 of the Dungeon)
 t - the +3 crown of Dyrovepreva (worn) {rElec Int+2 SInv}
   (You found it on level 5 of the Dungeon)

   Int+2:     It affects your intelligence (+2).
   rElec:     It insulates you from electricity.
   SInv:      It lets you see invisible.
 G - a +2 robe of positive energy
   (You took it off an orc wizard on level 11 of the Dungeon)
 H - a +0 troll leather armour
   (You found it on level 11 of the Dungeon)
 O - a +3 troll leather armour (worn) {Snorg}
   (You found it on level 10 of the Dungeon)
 U - +0 acid dragon scales
   (You found it on level 11 of the Dungeon)
 V - a +0 robe
   (You took it off an orc wizard on level 11 of the Dungeon)
 X - +0 steam dragon scales
   (You found it on level 9 of the Dungeon)
 Y - a +2 robe of resistance
   (You took it off Pikel on level 9 of the Dungeon)
Magical Staves
 j - a staff of cold {!astaff}
   (You found it on level 2 of the Dungeon)
 A - a staff of conjuration {!a@e2staff}
   (You found it on level 4 of the Dungeon)
 E - a staff of fire {!astaff}
   (You found it on level 6 of the Dungeon)
 J - a staff of conjuration {!a@e2staff}
   (You found it on level 11 of the Dungeon)
Jewellery
 p - a +4 ring of protection (left claw)
   (You found it on level 2 of the Dungeon)
 r - a +4 ring of protection (right claw)
   (You found it on level 5 of the Dungeon)
 F - a ring of magical power
   (You found it on level 6 of the Dungeon)
Wands
 Z - a wand of flame (15)
   (You took it off Pikel on level 9 of the Dungeon)
Scrolls
 e - 2 scrolls of enchant weapon {unknown}
 f - a scroll of acquirement {unknown}
 m - 4 scrolls of blinking {!r}
 o - 4 scrolls of fog
 v - a scroll of enchant armour
 w - 4 scrolls of identify {@r1}
 y - 7 scrolls of teleportation {@r4}
 z - 4 scrolls of fear {unknown}
 B - 2 scrolls of noise {unknown}
 K - 2 scrolls of silence {unknown}
 M - 2 scrolls of amnesia {unknown}
 N - a scroll of brand weapon {unknown}
 Q - a scroll of torment {unknown}
 T - a scroll of immolation {unknown}
Potions
 b - a potion of magic
 c - 3 potions of brilliance
 g - 3 potions of lignification {unknown}
 h - a potion of haste {unknown}
 k - 4 potions of mutation {!q}
 l - 2 potions of cancellation
 n - 2 potions of enlightenment
 q - 2 potions of attraction {unknown}
 C - a potion of heal wounds {@q2}
 L - a potion of degeneration {unknown}
 P - 2 potions of curing {@q1}

Dungeon Overview and Level Annotations

Branches:
Dungeon (11/15) Zot: 26355  Temple (1/1) D:5 Zot: 5998    Lair (2/5) D:10 Zot: 10097
 Bailey (visited)
  Swamp: Lair:2-3    Shoals: Lair:2-3     Snake: Lair:2-3    Spider: Lair:2-3
    Orc: D:9-12

Altars:
Ashenzari
Cheibriados
Dithmenos
Elyvilon
Fedhas
Gozag
Hepliaklqana
Kikubaaqudgha
Makhleb
Nemelex Xobeh
Okawaru
Qazlal
Ru
Sif Muna
Trog
Uskayaw
Vehumet
Wu Jian
Xom
Yredelemnul
Zin
The Shining One

Shops:
D:1 (   D:7 (   D:8 *

Annotations:
D:11 3 runed translucent doors, dontdoit's ghost, journeyman VSCA; myxocpahck's ghost, journeyman DgIE

#......[....P#
#.......<....##
##............#
P...........##
##............#
#.....#......###
....#......#.)##
P#..##.........#
##.@#.........## #
#..#D.........# ####
##..##.......### #...
##............## ##..
#.#.##........P# ##...
########.....P####....
#..............
#..###.........
#.#.##.....†...


You could see a ten-headed hydra.


Message History

The ten-headed hydra bites you but does no damage. 😨 HP[-8] MP[-3]
You take 8 damage, and now have 55/119 hp.
You lost 3 mp, and now have 7/20 mp.
Aiming: Vampiric Draining (safe; 1% risk of failure)
Press: ? - help, Q - select action, (/) - cycle Shift-Dir - straight line, f/p - ten-headed hydra
Aim: a ten-headed hydra (severely wounded)
You draw life force from the ten-headed hydra.
You feel life coursing into your body. The ten-headed hydra misses you. x2
The ten-headed hydra bites you but does no damage.
The ten-headed hydra barely misses you. x2
The ten-headed hydra bites you but does no damage. x2
The ten-headed hydra barely misses you.
The ten-headed hydra bites you but does no damage. x2 😮 HP[+5] MP[-3]
You regained 5 hp, and now have 60/119 hp.
You lost 3 mp, and now have 4/20 mp.
I - a +0 giant club (weapon)
{mace} 😮 HP[+1]
You barely miss the ten-headed hydra.
You feel like a meek peon again.
The ten-headed hydra bites you but does no damage.
The ten-headed hydra misses you. The ten-headed hydra barely misses you.
The ten-headed hydra bites you.
* * * LOW HITPOINT WARNING * * *
The ten-headed hydra bites you.
* * * LOW HITPOINT WARNING * * *
The ten-headed hydra bites you but does no damage. x2
The ten-headed hydra closely misses you.
The ten-headed hydra bites you but does no damage.
The ten-headed hydra bites you.
* * * LOW HITPOINT WARNING * * *
The ten-headed hydra bites you but does no damage.
The ten-headed hydra closely misses you.
The ten-headed hydra bites you but does no damage. x3
The ten-headed hydra bites you!
* * * LOW HITPOINT WARNING * * *
The ten-headed hydra closely misses you.
The ten-headed hydra barely misses you.
The ten-headed hydra bites you but does no damage. x2 😨 HP[-17]
You take 17 damage, and now have 44/119 hp.
Aiming: Vampiric Draining (safe; 1% risk of failure)
Press: ? - help, Q - select action, (/) - cycle Shift-Dir - straight line, f/p - ten-headed hydra
Aim: a ten-headed hydra (severely wounded)
You draw life force from the ten-headed hydra.
You feel life coursing into your body. The ten-headed hydra bites you.
* * * LOW HITPOINT WARNING * * *
The ten-headed hydra bites you but does no damage.
The ten-headed hydra closely misses you.
The ten-headed hydra bites you but does no damage.
The ten-headed hydra barely misses you. The ten-headed hydra misses you.
The ten-headed hydra bites you but does no damage. x2
The ten-headed hydra bites you!
* * * LOW HITPOINT WARNING * * *
The ten-headed hydra closely misses you. 😨 HP[-6] MP[-2]
You take 6 damage, and now have 38/119 hp.
You lost 2 mp, and now have 2/20 mp.
You fail to use your ability.
The ten-headed hydra bites you but does no damage. x2
The ten-headed hydra bites you.
* * * LOW HITPOINT WARNING * * *
The ten-headed hydra bites you!
* * * LOW HITPOINT WARNING * * *
The ten-headed hydra bites you.
* * * LOW HITPOINT WARNING * * *
The ten-headed hydra bites you.
* * * LOW HITPOINT WARNING * * *
The ten-headed hydra bites you but does no damage. x3
The ten-headed hydra bites you!
* * * LOW HITPOINT WARNING * * *
😱 HP[-32]
You take 32 damage, and now have 6/119 hp.
MASSIVE DAMAGE!! (PAUSE)
You feel much better. The ten-headed hydra barely misses you.
The ten-headed hydra completely misses you.
The ten-headed hydra barely misses you. The ten-headed hydra bites you.
* * * LOW HITPOINT WARNING * * *
The ten-headed hydra bites you but does no damage.
The ten-headed hydra barely misses you.
The ten-headed hydra bites you but does no damage. x2
The ten-headed hydra closely misses you.
The ten-headed hydra completely misses you. 😱 HP[+14]
You regained 14 hp, and now have 20/119 hp.
As you read the scroll of teleportation {@r4}, it crumbles to dust.
You feel strangely unstable. The ten-headed hydra barely misses you.
The ten-headed hydra bites you!
* * * LOW HITPOINT WARNING * * *
The ten-headed hydra bites you.
* * * LOW HITPOINT WARNING * * *
The ten-headed hydra bites you but does no damage.
The ten-headed hydra closely misses you.
The ten-headed hydra barely misses you.
The ten-headed hydra bites you but does no damage.
The ten-headed hydra bites you!
You die...

Skill      XL: |  1  2  3  4  5  6  7  8  9 10 11 12 |
---------------+-------------------------------------+-----
Dodging        | 2 3 4 5 6 7 |  7.9
Unarmed Combat | 1 2 3 5 6 7 8 9 |  9.2
Fighting       | 1 2 3 4 5 6 7 |  7.7
Spellcasting   | 2 3 4 5 6 |  6.0
Necromancy     | 4 5 6 7 8 |  8.4
Evocations     | 2 3 |  3.7
Earth Magic    | 2 3 |  3.8
Armour         | 2 |  2.6
Stealth        | |  1.0

Action                     |  1- 3 |  4- 6 |  7- 9 | 10-12 || total
---------------------------+-------+-------+-------+-------++-------
  Melee: Unarmed           |   159 |   150 |   309 |   783 ||  1401
         Punch             |     1 |     1 |    12 |    50 ||    64
         Giant club        |       |       |       |     1 ||     1
  Throw: Stone             |       |     5 |       |       ||     5
         Boomerang         |       |       |     9 |       ||     9
         Dart              |       |       |       |     2 ||     2
   Cast: Necrotise         |       |       |    21 |    41 ||    62
         Vampiric Draining |       |       |     8 |    52 ||    60
 Invoke: Heroism           |       |       |       |     8 ||     8
    Use: Scroll            |       |       |     9 |     6 ||    15
         Potion            |       |       |       |     4 ||     4
   Stab: Sleeping          |       |     2 |     2 |     1 ||     5
 Armour: Robe              |   111 |    93 |   351 |   318 ||   873
         Troll leather arm |       |       |       |   622 ||   622
  Dodge: Dodged            |    91 |    57 |   207 |   524 ||   879

Levels and vault maps discovered:
D:1:      nicolae_arrival_somewhat_less_tricky_arrival, layout_basic,
          serial_shops, nicolae_shop_hallway_plus,
          hellmonk_ecumenical_altar_zigzags
D:2:      layout_basic
D:3:      minmay_chambers_of_twos, layout_basic,
          nicolae_concentric_dashed_squares_mild, uniq_sigmund
D:4:      layout_rooms, mainiacjoe_overflow_alcove_4,
          mainiacjoe_overflow_brackets, trog_ov_bears_minmay,
          cheibriados_altar_1, grunt_gozag_statues, kennysheep_generic_room_8,
          uniq_blork_the_orc, uniq_edmund
D:5:      layout_basic, overflow_temple_1_default, mainiacjoe_overflow_alcove_2,
          nicolae_overflow_crystal_walls, minmay_temple_entry_statues_pillars,
          chequers_serial_rivers_micro_e
D:6:      layout_rooms, marbit_many_paths, mainiacjoe_overflow_divided_tiny
D:7:      layout_loops_ring, nzn_wu_jian_council_hall, serial_shops, shop,
          serial_bayou, serial_bayou_ford_a, serial_bayou_shore_a,
          serial_bayou_pond_e, serial_bayou_pond_b
D:8:      layout_layer_cave, serial_shops, shop, st_stairs_5, roderic_lattice_a
D:9:      layout_rooms, nicolae_uskayaw_en_pointe,
          mainiacjoe_overflow_surrounded_room, uniq_pikel
D:10:     layout_layer_cave, mainiacjoe_overflow_catwalk, lair_entry_dummy,
          enter_bailey_3, minivault_14, grunt_decor_junction, uniq_snorg
D:11:     layout_basic, hiddenorc1_lemuel, gammafunk_ghost_cemetery,
          uniq_josephine
Temple:   nicolae_temple_little_seven
Lair:1:   layout_layer_cave, grunt_forest_stairs_basic,
          kennysheep_abandoned_house, lemuel_fruit_tree, lemuel_fruit_fields
Lair:2:   minmay_lair_venomous_thicket, layout_cave_pods,
          spider_nest_entry_webs, st_stairs_13, chequers_serial_rivers_small_a,
          grunt_megastairs_2

Notes
Turn   | Place    | Note
-------+----------+-------------------------------------------
     0 | D:1      | AmazingTV the Troll Necromancer began the quest for the
                  | Orb.
     0 | D:1      | Reached XP level 1. HP: 16/16 MP: 1/1
     0 | D:1      | magus.rc [v1.9.6]
    85 | D:1      | Reached XP level 2. HP: 24/24 MP: 3/3
   278 | D:1      | Found a faded altar of an unknown god.
   534 | D:1      | Reached XP level 3. HP: 32/32 MP: 4/4
   644 | D:1      | Found Lidiahou's Antique Weapon Shop.
  1118 | D:2      | Reached skill level 2 in Dodging
  1118 | D:2      | Reached skill level 1 in Unarmed Combat
  1599 | D:2      | Reached skill level 1 in Fighting
  1969 | D:3      | Reached XP level 4. HP: 39/41 MP: 5/5
  1987 | D:3      | Noticed Sigmund
  2003 | D:3      | Identified the +0 ring mail of Kigus {Harm Dex+4}
  2019 | D:3      | Noticed a scorpion
  2023 | D:3      | Killed a scorpion
  2170 | D:3      | Reached XP level 5. HP: 48/48 MP: 6/6
  2174 | D:3      | Learned a level 3 spell: Vampiric Draining
  2278 | D:3      | Reached skill level 2 in Unarmed Combat
  2278 | D:3      | HP: 11/48 [burnt (6)]
  2821 | D:4      | Reached skill level 2 in Spellcasting
  2872 | D:4      | Found a basalt altar of Yredelemnul.
  2921 | D:4      | Found a snail-covered altar of Cheibriados.
  2990 | D:4      | Noticed a black bear
  3001 | D:4      | Reached skill level 2 in Fighting
  3001 | D:4      | Reached skill level 4 in Necromancy
  3001 | D:4      | Reached XP level 6. HP: 50/57 MP: 8/8
  3029 | D:4      | Learned a level 4 spell: Animate Dead
  3082 | D:4      | Reached skill level 3 in Dodging
  3103 | D:4      | Found an opulent altar of Gozag.
  3118 | D:4      | Found a bloodstained altar of Trog.
  3127 | D:4      | Reached skill level 3 in Unarmed Combat
  3127 | D:4      | Reached XP level 7. HP: 62/66 MP: 9/9
  3198 | D:4      | Found a radiant altar of Vehumet.
  3256 | D:4      | Noticed Blork the orc
  3276 | D:4      | Killed Blork the orc
  3400 | D:4      | Noticed Edmund
  3421 | D:4      | Killed Edmund
  3422 | D:4      | Reached skill level 3 in Fighting
  3704 | D:3      | Killed Sigmund
  3705 | D:3      | Reached XP level 8. HP: 69/75 MP: 7/11
  3793 | D:5      | Entered Level 5 of the Dungeon
  3825 | D:5      | Reached skill level 4 in Unarmed Combat
  3841 | D:5      | Found a white marble altar of Elyvilon.
  3866 | D:5      | Found a hazy altar of Hepliaklqana.
  3877 | D:5      | Found a staircase to the Ecumenical Temple.
  3894 | D:5      | Reached skill level 3 in Spellcasting
  3899 | D:5      | Reached skill level 4 in Dodging
  3899 | D:5      | Reached skill level 5 in Necromancy
  3926 | Temple   | Entered the Ecumenical Temple
  4043 | D:5      | Found a sparkling altar of Nemelex Xobeh.
  4127 | D:5      | Found the +3 crown of Dyrovepreva {rElec Int+2 SInv}
  4572 | D:6      | Reached skill level 4 in Fighting
  4621 | D:6      | Reached skill level 5 in Unarmed Combat
  4638 | D:6      | Reached XP level 9. HP: 84/84 MP: 13/13
  4725 | D:6      | Found an iron altar of Okawaru.
  4725 | D:6      | Found a shimmering blue altar of Sif Muna.
  4738 | D:6      | Became a worshipper of Warmaster Okawaru
  4773 | D:6      | Found a shadowy altar of Dithmenos.
  5100 | D:7      | Found an ornate altar of the Wu Jian Council.
  5210 | D:7      | Found Dulatual's Antique Weapon Boutique.
  5414 | D:7      | You pick up a book of Flames and begin reading...
  5414 | D:7      | You add the spells Inner Flame, Sticky Flame and Flame Wave
                  | to your library.
  5420 | D:7      | Identified the +5 chain mail of the Hurricane {rCorr Int+3
                  | SInv}
  5484 | D:7      | Reached * piety under Okawaru
  5485 | D:7      | Reached skill level 5 in Dodging
  6038 | D:8      | Reached skill level 4 in Spellcasting
  6038 | D:8      | Reached skill level 6 in Necromancy
  6149 | D:7      | Reached skill level 5 in Fighting
  6149 | D:7      | Reached skill level 6 in Unarmed Combat
  6227 | D:8      | Noticed a two-headed ogre
  6243 | D:7      | Reached ** piety under Okawaru
  6619 | D:8      | Found Nurch's General Store.
  6652 | D:8      | Reached XP level 10. HP: 96/96 MP: 13/15
  6974 | D:9      | HP: 17/96 [yak (11)]
  6982 | D:8      | HP: 15/96 [yak (12)]
  7155 | D:8      | Noticed a two-headed ogre
  7164 | D:8      | Killed a two-headed ogre
  7330 | D:8      | Killed a two-headed ogre
  7330 | D:8      | Reached *** piety under Okawaru
  7331 | D:8      | Reached skill level 6 in Dodging
  7618 | D:9      | Reached skill level 7 in Unarmed Combat
  7759 | D:9      | Found a burning altar of Makhleb.
  7909 | D:9      | Noticed Pikel
  7949 | D:9      | Killed Pikel
  7950 | D:9      | Reached skill level 6 in Fighting
  7950 | D:9      | Reached skill level 7 in Necromancy
  7971 | D:9      | Reached **** piety under Okawaru
  8228 | D:9      | Noticed a +0 short sword
  8228 | D:9      | Noticed a +0 dagger
  8228 | D:9      | Noticed a +0 spear
  8229 | D:9      | Noticed a +0 spear
  8230 | D:9      | Noticed a +0 falchion
  8230 | D:9      | Noticed a +0 short sword
  8231 | D:9      | Noticed a +0 dagger
  8231 | D:9      | Noticed a +0 falchion
  8233 | D:9      | Found a hide-covered altar of Uskayaw.
  8308 | D:10     | Entered Level 10 of the Dungeon
  8308 | D:10     | Found a shimmering altar of Xom.
  8367 | D:10     | Found a flagged portal.
  8385 | Bailey   | Entered a bailey
  8466 | Bailey   | Reached skill level 5 in Spellcasting
  8476 | Bailey   | Reached XP level 11. HP: 53/105 MP: 11/17
  8644 | Bailey   | Reached skill level 1 in Evocations
  8743 | Bailey   | Noticed Prince Ribbit
  8744 | Bailey   | Noticed a vault guard
  8775 | Bailey   | Killed a vault guard
  8780 | Bailey   | Killed Prince Ribbit
  8780 | Bailey   | Reached ***** piety under Okawaru
  8874 | Bailey   | Noticed a vault guard
  8896 | Bailey   | Killed a vault guard
  8897 | Bailey   | Reached skill level 8 in Unarmed Combat
  8909 | Bailey   | Upgraded the game from 0.32-a0-825-g0e82a10 to
                  | 0.32-a0-826-g4cabd76
  8909 | Bailey   | magus.rc [v1.9.6]
  9180 | D:10     | Noticed a boulder beetle
  9235 | D:10     | Killed a boulder beetle
  9551 | D:10     | Reached skill level 7 in Dodging
  9551 | D:10     | Reached skill level 2 in Evocations
  9557 | D:10     | Received a gift from Okawaru
  9558 | D:10     | Reached skill level 1 in Earth Magic
  9662 | D:10     | Noticed Snorg
  9685 | D:10     | HP: 25/107 [Snorg (3)]
  9775 | D:10     | Killed Snorg
 10125 | D:10     | You pick up a book of Spectacle and begin reading...
 10125 | D:10     | You add the spells Dazzling Flash, Starburst and Maxwell's
                  | Capacitive Coupling to your library.
 10183 | D:10     | Found a staircase to the Lair.
 10576 | D:11     | Noticed Josephine
 10598 | D:11     | Killed Josephine
 10599 | D:11     | Reached skill level 7 in Fighting
 10599 | D:11     | Reached skill level 2 in Earth Magic
 10866 | D:11     | Found a runed translucent gate.
 10866 | D:11     | Found a runed translucent gate.
 10866 | D:11     | Found a runed translucent gate.
 10893 | D:11     | Reached XP level 12. HP: 118/118 MP: 19/19
 10918 | D:11     | Received a gift from Okawaru
 10929 | D:11     | Reached skill level 8 in Necromancy
 11015 | D:11     | Noticed dontdoit's ghost (journeyman VSCA)
 11015 | D:11     | Noticed myxocpahck's ghost (journeyman DgIE)
 11016 | D:11     | You pick up a book of Minor Magic and begin reading...
 11016 | D:11     | You add the spells Magic Dart and Blink to your library.
 11083 | D:11     | Reached skill level 1 in Armour
 11087 | D:11     | Reached skill level 3 in Evocations
 11089 | D:11     | HP: 28/118 [poisoned by a meliai]
 11090 | D:11     | HP: 5/118 [meliai/+0 war axe (10)]
 11166 | Lair:1   | Entered Level 1 of the Lair of Beasts
 11241 | Lair:1   | Reached skill level 3 in Earth Magic
 11460 | Lair:1   | Learned a level 5 spell: Curse of Agony
 11808 | Lair:1   | Reached skill level 2 in Armour
 11815 | Lair:1   | Reached skill level 9 in Unarmed Combat
 11938 | Lair:1   | Identified the +2 scale mail of Undesirable Species {rF-
                  | Str+2 Stlth+}
 11945 | Lair:1   | Received a gift from Okawaru
 12014 | Lair:1   | You pick up a book of Misfortune and begin reading...
 12014 | Lair:1   | You add the spells Jinxbite, Yara's Violent Unravelling and
                  | Enfeeble to your library.
 12022 | Lair:1   | You pick up a book of Callings and begin reading...
 12382 | Lair:1   | Identified the +3 leather armour of Inference {rF++ Dex+3}
 12856 | Lair:2   | HP: 27/118 [komodo dragon (19)]
 12862 | Lair:2   | HP: 16/118 [komodo dragon (22)]
 12867 | Lair:2   | Reached skill level 6 in Spellcasting
 13075 | Lair:2   | Noticed a seven-headed hydra
 13109 | Lair:2   | HP: 27/119 [ten-headed hydra (7)]
 13109 | Lair:2   | HP: 6/119 [ten-headed hydra (12)]
 13111 | Lair:2   | Slain by a ten-headed hydra

Vanquished Creatures
  Josephine (D:11)
  Snorg (D:10)
  2 vault guards (Bailey)
  2 two-headed ogres (D:8)
  A boulder beetle (D:10)
  Pikel (D:9)
  A cyclops (D:11)
  2 meliai (D:11)
  6 elephants (Lair:1)
  A black mamba (Lair:1)
  A gargoyle (D:11)
  4 cane toads
  A komodo dragon (Lair:2)
  A rime drake (Lair:2)
  3 trolls
  Prince Ribbit (Bailey)
  4 wraiths
  Sigmund (D:3)
  A wyvern (Lair:1)
  21 yaks
  8 humans (Bailey)
  5 steam dragons
  A basilisk (Lair:2)
  4 vampire mosquitoes (D:11)
  Edmund (D:4)
  2 acid dragons
  6 water moccasins
  2 sky beasts
  An ice beast (D:7)
  6 black bears
  3 orc warriors
  7 wolves
  2 ogres
  4 centaurs
  2 kobold brigands
  Blork the orc (D:4)
  20 bullfrogs
  4 scorpions
  2 gnoll sergeants
  2 wights
  13 killer bees
  A howler monkey (D:6)
  5 electric eels
  A bombardier beetle (D:3)
  3 hounds
  3 jellies
  6 orc priests
  6 iguanas
  6 orc wizards
  3 hell rats (Lair:1)
  7 gnolls
  7 river rats (Lair:1)
  7 adders
  A shadow imp (D:7)
  5 white imps
  4 ufetubi
  2 ribbon worms
  38 orcs
  8 ball pythons
  5 bats
  6 endoplasms
  5 giant cockroaches
  7 hobgoblins
  8 jackals
  16 kobolds
  2 quokkas
  5 frilled lizards
  13 goblins
  16 rats
348 creatures vanquished.

Vanquished Creatures (collateral kills)
  A hobgoblin (D:4)
1 creature vanquished.

Grand Total: 349 creatures vanquished

Table legend:
 A = Non-vault XP
 B = Vault XP
 C = Vault XP percentage of total XP
 D = Non-vault monster count
 E = Vault monster count
 F = Vault count percentage of total count
                 A         B        C        D         E       F
            +---------+---------+-------+---------+---------+-------
      Total |   24362 |    9975 |  29.1 |     255 |      94 |  26.9
            +---------+---------+-------+---------+---------+-------
        D:1 |      42 |       0 |   0.0 |      26 |       0 |   0.0
        D:2 |      35 |       0 |   0.0 |      13 |       0 |   0.0
        D:3 |     185 |     241 |  56.6 |      23 |       9 |  28.1
        D:4 |     387 |     536 |  58.1 |      20 |       5 |  20.0
        D:5 |     667 |       0 |   0.0 |      20 |       0 |   0.0
        D:6 |     868 |      78 |   8.2 |      16 |       1 |   5.9
        D:7 |    1368 |     209 |  13.3 |      19 |       3 |  13.6
        D:8 |    2554 |     107 |   4.0 |      14 |       2 |  12.5
        D:9 |    2252 |     663 |  22.7 |      28 |       1 |   3.4
       D:10 |    2997 |     911 |  23.3 |      22 |       5 |  18.5
       D:11 |    3519 |    1858 |  34.6 |      15 |      21 |  58.3
     Lair:1 |    7366 |     599 |   7.5 |      29 |      19 |  39.6
     Lair:2 |    2122 |       0 |   0.0 |      10 |       0 |   0.0
     Bailey |       0 |    4773 | 100.0 |       0 |      28 | 100.0
            +---------+---------+-------+---------+---------+-------

Skill      XL: |  1  2  3  4  5  6  7  8  9 10 11 12 |
---------------+-------------------------------------+-----
Dodging        | 2 3 4 5 6 7 |  7.9
Unarmed Combat | 1 2 3 5 6 7 8 9 |  9.2
Fighting       | 1 2 3 4 5 6 7 |  7.7
Spellcasting   | 2 3 4 5 6 |  6.0
Necromancy     | 4 5 6 7 8 |  8.4
Evocations     | 2 3 |  3.7
Earth Magic    | 2 3 |  3.8
Armour         | 2 |  2.6
Stealth        | |  1.0

Action                     |  1- 3 |  4- 6 |  7- 9 | 10-12 || total
---------------------------+-------+-------+-------+-------++-------
  Melee: Unarmed           |   159 |   150 |   309 |   783 ||  1401
         Punch             |     1 |     1 |    12 |    50 ||    64
         Giant club        |       |       |       |     1 ||     1
  Throw: Stone             |       |     5 |       |       ||     5
         Boomerang         |       |       |     9 |       ||     9
         Dart              |       |       |       |     2 ||     2
   Cast: Necrotise         |       |       |    21 |    41 ||    62
         Vampiric Draining |       |       |     8 |    52 ||    60
 Invoke: Heroism           |       |       |       |     8 ||     8
    Use: Scroll            |       |       |     9 |     6 ||    15
         Potion            |       |       |       |     4 ||     4
   Stab: Sleeping          |       |     2 |     2 |     1 ||     5
 Armour: Robe              |   111 |    93 |   351 |   318 ||   873
         Troll leather arm |       |       |       |   622 ||   622
  Dodge: Dodged            |    91 |    57 |   207 |   524 ||   879

Illustrated notes

Table legend:
 A = Kills in this place as a percentage of kills in the entire game.
 B = Kills by you in this place as a percentage of kills by you in the entire game.
 C = Kills by friends in this place as a percentage of kills by friends in the entire game.
 D = Other kills in this place as a percentage of other kills in the entire game.
 E = Experience gained in this place as a percentage of experience gained in the entire game.
 F = Experience gained in this place divided by the number of levels of this place that you have seen.
                   A       B       C       D       E      F
               +-------+-------+-------+-------+-------+----------------------
         Total | 100.0 | 100.0 | 100.0 |   N/A | 100.0 | 2289.1
       Dungeon |  75.4 |  75.3 | 100.0 |   N/A |  56.7 | 1770.6
          Lair |  16.6 |  16.7 |   0.0 |   N/A |  29.4 | 5043.5
        Bailey |   8.0 |   8.0 |   0.0 |   N/A |  13.9 | 4773.0
               +-------+-------+-------+-------+-------+----------------------

Table legend: (Time is in decaauts)
 A = Elapsed time spent in this place.
 B = Non-inter-level travel time spent in this place.
 C = Inter-level travel time spent in this place.
 D = Time resting spent in this place.
 E = Time spent auto-exploring this place.
 F = Levels seen in this place.
 G = Mean time per level.
                   A        B        C        D        E       F      G
               +--------+--------+--------+--------+--------+-----+--------+
         Total |  12977 |  11737 |   1240 |   1269 |   6916 |  15 |  865.1 |
       Dungeon |  10421 |   9250 |   1171 |    892 |   5699 |  11 |  947.4 |
        Temple |      1 |      1 |      0 |      0 |      0 |   1 |    1.0 |
          Lair |   1901 |   1832 |     69 |     96 |   1217 |   2 |  950.5 |
        Bailey |    653 |    653 |      0 |    281 |      0 |   1 |  653.0 |
               +--------+--------+--------+--------+--------+-----+--------+

Top non-repeatable levels by time:
  Lair:1: 1674 daAuts
    D:10: 1532 daAuts
     D:7: 1501 daAuts
     D:3: 1219 daAuts
     D:8: 1003 daAuts
     D:1: 948 daAuts
     D:2: 881 daAuts
     D:9: 775 daAuts
     D:5: 739 daAuts
     D:4: 734 daAuts
  Bailey: 653 daAuts
    D:11: 626 daAuts
     D:6: 458 daAuts
  Lair:2: 227 daAuts
  Temple: 1 daAuts
